 Dungeon Crawl Stone Soup version 0.20-a0-2-g2b0e13a (webtiles) character file.

260 Malachi the Ogre Mage (level 6, -2/57 HPs)
             Began as an Ogre Fire Elementalist on Oct 28, 2016.
             Slain by a gnoll
             ... wielding a +0 club
              (6 damage)
             ... on level 4 of the Dungeon.
             The game lasted 00:08:08 (4451 turns).

Malachi the Ogre Mage (Ogre Fire Elementalist)      Turns: 4451, Time: 00:08:08

Health: -2/57      AC:  3    Str: 14    XL:     6   Next: 17%
Magic:  10/10      EV: 10    Int: 16    God:
Gold:   199        SH:  0    Dex: 10    Spells: 2 memorised, 7 levels left

rFire  . . .     SeeInvis .     i - +0 spear
rCold  . . .     Gourm    .     h - +0 robe
rNeg   . . .     Faith    .     (no shield)
rPois  .         Spirit   .     (helmet restricted)
rElec  .         Reflect  .     (no cloak)
rCorr  .         Harm     .     (gloves unavailable)
MR     .....     Rnd*Tele +     (boots unavailable)
Stlth  +++.......               (no amulet)
                                r - ring of stealth
                                d - ring of teleportation (curse)

@: very slightly contaminated
A: unfitting armour, tough skin 1
a: no special abilities


You were on level 4 of the Dungeon.
You were hungry.

You visited 1 branch of the dungeon, and saw 4 of its levels.

You collected 199 gold pieces.

Inventory:

Hand Weapons
 i - a +0 spear (weapon)
Missiles
 m - 5 curare-tipped needles
Armour
 a - a +0 robe
 h - a +0 robe (worn)
Jewellery
 d - a cursed ring of teleportation (left hand)
 r - a ring of stealth (right hand)
Wands
 u - a wand of lightning (0/15)
 y - a wand of flame (18/48)
Scrolls
 p - a scroll of teleportation
 s - a scroll of amnesia
 v - a scroll of recharging
 w - a scroll of remove curse
Potions
 k - a potion of agility {unknown}
 l - a potion of might {unknown}
 n - a potion of haste {unknown}
 o - a potion of mutation {unknown}
 q - a potion of cancellation {unknown}
Books
 b - a book of Flames

   Spells                             Type                      Level
   a - Flame Tongue                   Conjuration/Fire             1
   b - Throw Flame                    Conjuration/Fire             2
   c - Conjure Flame                  Conjuration/Fire             3
   d - Inner Flame                    Hexes/Fire                   3
   e - Sticky Flame                   Conjuration/Fire             4
   f - Fireball                       Conjuration/Fire             5
Comestibles
 c - 2 bread rations
 f - a meat ration
 g - 6 fruits
 t - a slice of pizza


   Skills:
 + Level 2.0 Fighting
 + Level 2.0 Polearms
 + Level 2.9 Dodging
 + Level 2.1 Stealth
 + Level 3.2 Spellcasting
 + Level 1.2 Conjurations
 * Level 3.1 Fire Magic


You had 7 spell levels left.
You knew the following spells:

 Your Spells              Type           Power        Failure   Level  Hunger
a - Flame Tongue          Conj/Fire      #....        10%         1    None
b - Conjure Flame         Conj/Fire      #.......     21%         3    ###....


Dungeon Overview and Level Annotations

Branches:
Dungeon (4/15)
 Temple: D:4-7

Altars:
Elyvilon


Innate Abilities, Weirdness & Mutations

You are too large for most types of armour.
You have tough skin. (AC +1)


Message History

A gnoll comes into view. It is wielding a club.
There is a stone staircase leading down here.
Things that are here:
a club; a robe
Things that are here:
a whip; a gnoll corpse You are feeling hungry.
The gnoll shouts!
You flicker for a moment.
You flicker back into view.
You see here a throwing net.
Found a stone staircase leading up.
There is an open door here.
There isn't anything here!
You close the door.
A gnoll opens the door.
There is a stone staircase leading up here.
The gnoll hits you with a club!
* * * LOW HITPOINT WARNING * * *
The gnoll hits you with a club.
You die...

#.....#####..#.#
##...## #....#
#...# ##(###
#...#######'######.
#...#....<.........
#...#..............
#####..............
#.....g........
#......@.......
############... ...
..


You could see a gnoll.

Vanquished Creatures
  A scorpion (D:4)
  A gnoll shaman (D:4)
  An iguana (D:4)
  2 worker ants (D:4)
  A gnoll (D:4)
  2 adders
  3 oozes
  2 worms (D:2)
  An orc (D:3)
  6 goblins
  7 hobgoblins
  8 jackals
  3 quokkas
  5 bats
  A frilled lizard (D:3)
  8 kobolds
  14 rats
66 creatures vanquished.

Vanquished Creatures (others)
  A bat (D:1)
  A kobold (D:1)
2 creatures vanquished.

Grand Total: 68 creatures vanquished

Notes
Turn   | Place    | Note
-------+----------+-------------------------------------------
     0 | D:1      | Malachi the Ogre Fire Elementalist began the quest for the Orb.
     0 | D:1      | Reached XP level 1. HP: 16/16 MP: 3/3
   365 | D:1      | Reached XP level 2. HP: 19/24 MP: 0/5
  1263 | D:2      | Reached XP level 3. HP: 30/31 MP: 7/7
  1415 | D:2      | Found a white marble altar of Elyvilon.
  1830 | D:2      | Reached skill level 1 in Polearms
  2384 | D:3      | Reached XP level 4. HP: 40/40 MP: 4/8
  2419 | D:3      | Learned a level 3 spell: Conjure Flame
  3096 | D:3      | Reached skill level 1 in Fighting
  3507 | D:4      | Reached skill level 1 in Conjurations
  3507 | D:4      | Reached XP level 5. HP: 7/48 MP: 0/9
  3983 | D:4      | HP: 2/49 [worker ant (4)]
  4382 | D:4      | Reached XP level 6. HP: 57/57 MP: 10/10
  4451 | D:4      | Slain by a gnoll

Vault maps used:
D:1:      minmay_arrival_semitransparent, amethyst_killhole, st_stairs_8,
          hex_tiny, minivault_14, minmay_misc_feat_x, lemuel_old_faithful
D:2:      elyvilon_altar_1, minmay_rat_gold_closets
D:3:      first_bread
D:4:      lemuel_zombie_altar_kikubaaqudgha

Skill      XL: |  1  2  3  4  5 |
---------------+----------------+-----
Dodging        | 2 |  2.9
Polearms       | 1 2 |  2.0
Fighting       | 1 2 |  2.0
Conjurations   | 1 |  1.2
Spellcasting   | 3 |  3.2
Fire Magic     | 3 |  3.1
Stealth        | 2 |  2.1

Action                   |  1- 3 |  4- 6 || total
-------------------------+-------+-------++-------
Melee: Unarmed           |    24 |       ||    24
       Spear             |    75 |    91 ||   166
 Cast: Flame Tongue      |    38 |    46 ||    84
Evoke: Wand              |       |     3 ||     3
  Use: Scroll            |     5 |     3 ||     8
       Potion            |     1 |     4 ||     5
 Stab: Sleeping          |       |     3 ||     3
  Eat: Fruit             |     1 |       ||     1
       Chunk             |     4 |     2 ||     6
       Bread ration      |       |     1 ||     1
Armor: Robe              |    33 |    28 ||    61
Dodge: Dodged            |    61 |    78 ||   139
